 Dungeon Sprint DCSS version 0.31-a0-859-g9dce7d3444 (webtiles) character file.

Game seed: 11560074157420266772

18829 sircluck the Brawler (level 12, 0/216 HPs)
             Began as a Troll Berserker on Oct 9, 2023.
             Was a Priest of Trog.
             Slain by the 26-headed Lernaean hydra (6 damage)
             ... in the Dungeon (Sprint I: "Red Sonja").
             The game lasted 00:07:15 (1518 turns).

sircluck the Brawler (Troll Berserker)              Turns: 1518, Time: 00:07:15

Health: 0/216      AC:  5    Str: 32    XL:     12   Next: 31%
Magic:  11/11      EV: 15    Int:  3    God:    Trog [***...]
Gold:   1476       SH:  0    Dex:  9    Spells: 11/11 levels left

rFire   . .          .
                       - Unarmed
rCold   . . .        (no shield)
rNeg    . . .        a - +0 animal skin
rPois   .            o - +1 hat
rElec   .            (no cloak)
rCorr   .            (gloves unavailable)
SInv    .            (boots unavailable)
Will    .....        n - amulet of Vitality {RegenMP++ Regen++} Stlth
                     (no ring)
HPRegen 2.96/turn    (no ring)
MPRegen 0.92/turn

%: no teleportation
@: berserking, studying 2 skills, very quick
A: large, unfitting armour, claws 3, regeneration 1, shaggy fur 1, tough skin 1,
deterioration 1
a: Renounce Religion, Berserk, Trog's Hand


You were in the Dungeon.
You worshipped Trog.
Trog was most pleased with you.
You visited 1 branch You collected 3877 gold pieces.
You spent 2401 gold pieces at shops.

Inventory:

Missiles
 d - 2 atropa-tipped darts
Armour
 a - a +0 animal skin (worn)
 o - a +1 hat (worn)
 q - +0 gold dragon scales
Jewellery
 n - the amulet of Vitality (around neck) {RegenMP++ Regen++}
   (You bought it in a shop in the Dungeon)

   [amulet of magic regeneration]

   RegenMP:   It increases your rate of magic regeneration.
   Regen++:   It increases your rate of health regeneration.
Wands
 h - a wand of charming (6)
 i - a wand of flame (6)
Scrolls
 g - 2 scrolls of blinking
 j - a scroll of amnesia {unknown}
 m - a scroll of revelation
 p - 2 scrolls of fear {unknown}
 r - a scroll of identify {unknown}
Potions
 b - 3 potions of curing
 c - a potion of heal wounds
 e - 2 potions of magic
 f - a potion of berserk rage
 l - a potion of attraction {unknown}
Miscellaneous
 k - a phantom mirror


   Skills:
 + Level 16.1 Fighting
 + Level 17.7 Dodging
 + Level 18.6 Unarmed Combat


You had 11 spell levels left.
You didn't know any spells.
Your spell library was empty.

Dungeon Overview and Level Annotations

Branches:
Dungeon (1/1)

Altars:
Cheibriados
Dithmenos
Elyvilon
Fedhas
Gozag
Hepliaklqana
Kikubaaqudgha
Makhleb
Nemelex Xobeh
Okawaru
Qazlal
Ru
Sif Muna
Trog
Uskayaw
Vehumet
Wu Jian
Xom
Yredelemnul
Zin
The Shining One
Jiyva
Lugonu

Shops:
D :(*(:*(*:[[!=?(*:[*[(!

Annotations:
D Lernaean hydra


Innate Abilities, Weirdness & Mutations

You are too large for most types of armour.
You have claws for hands.
Your natural rate of healing is unusually fast.
You are covered in fur. (AC +1)
You have tough skin. (AC +1)
Your body sometimes deteriorates upon taking damage.


Message History

The 27-headed Lernaean hydra barely misses you.
The 27-headed Lernaean hydra bites you but does no damage.
The 27-headed Lernaean hydra misses you. x2
The 27-headed Lernaean hydra bites you. The 27-headed Lernaean hydra bites you!
The 27-headed Lernaean hydra bites you but does no damage.
The 27-headed Lernaean hydra bites you.
The 27-headed Lernaean hydra bites you but does no damage.
The 27-headed Lernaean hydra misses you.
The 27-headed Lernaean hydra bites you. The 27-headed Lernaean hydra bites you!
The 27-headed Lernaean hydra bites you but does no damage.
Your ogre barely misses the 27-headed Lernaean hydra.
Unknown command.
Unknown command.
You claw one of the 27-headed Lernaean hydra's heads off!
You eviscerate the 26-headed Lernaean hydra!!!
The 26-headed Lernaean hydra is heavily wounded.
The 26-headed Lernaean hydra bites you. The 26-headed Lernaean hydra bites you!
The 26-headed Lernaean hydra closely misses you.
The 26-headed Lernaean hydra bites you. The 26-headed Lernaean hydra bites you!
The 26-headed Lernaean hydra misses you.
The 26-headed Lernaean hydra bites you!
* * * LOW HITPOINT WARNING * * *
The 26-headed Lernaean hydra bites you!
* * * LOW HITPOINT WARNING * * *
The 26-headed Lernaean hydra completely misses you.
The 26-headed Lernaean hydra bites you!
* * * LOW HITPOINT WARNING * * *
The 26-headed Lernaean hydra bites you.
* * * LOW HITPOINT WARNING * * *
The 26-headed Lernaean hydra bites you.
* * * LOW HITPOINT WARNING * * *
The 26-headed Lernaean hydra bites you!
* * * LOW HITPOINT WARNING * * *
The 26-headed Lernaean hydra closely misses you.
The 26-headed Lernaean hydra bites you!
* * * LOW HITPOINT WARNING * * *
The 26-headed Lernaean hydra bites you.
* * * LOW HITPOINT WARNING * * *
The 26-headed Lernaean hydra bites you.
You die...

#########################
[#.)†.'.§§..÷§.†#.O+§§§§#
§#§####§§§..##.)@D.#§§§.##
.#.#
##.§§#######)#§§§§§#####
.).# ###+# #.§#§.§.§#§..#
#### #..##....#.∩.# .
#..≈###'##...# .° #..≈
#.####'# .○○
#..≈.##†#.§.§## .°.#
#..≈##§..§§§..## ..##
#..≈#..§§§§....#


You could see the 26-headed Lernaean hydra (ally target) and a friendly ogre
(summoned, berserk).

Vanquished Creatures
  A shadow dragon (D)
  2 centaur warriors (D)
  A demonic crawler (D)
  Sonja (D)
  A deep troll (D)
  A lindwurm (D)
  An oklob plant (D)
  2 merfolk sirens (D)
  2 gargoyles (D)
  2 unseen horrors (D)
  2 kobold demonologists (D)
  4 hornets (D)
  A hellwing (D)
  A slime creature (D)
  Sigmund (D)
  A yak (D)
  13 hogs (D)
  2 redbacks (D)
  2 floating eyes (D)
  An ogre (D)
  7 necrophages (D)
  8 jellies (D)
  Ijyb (D)
  A ballistomycete spore (D)
59 creatures vanquished.

Vanquished Creatures (collateral kills)
  A golden dragon (D)
  A hydra (D)
  3 demonic crawlers (D)
  8 shining eyes (D)
  5 floating eyes (D)
18 creatures vanquished.

Vanquished Creatures (others)
  A ballistomycete spore (D)
1 creature vanquished.

Grand Total: 78 creatures vanquished

Notes
Turn   | Place    | Note
-------+----------+-------------------------------------------
     0 | D        | sircluck the Troll Berserker began the quest for the Orb.
     0 | D        | Reached XP level 1. HP: 22/22 MP: 0/0
     1 | D        | Noticed Ijyb
     7 | D        | Killed Ijyb
     8 | D        | Reached skill level 4 in Unarmed Combat
     8 | D        | Reached XP level 2. HP: 17/32 MP: 1/1
    25 | D        | Noticed an ogre
    32 | D        | Killed an ogre
    33 | D        | Reached skill level 5 in Fighting
    33 | D        | Reached skill level 5 in Dodging
    33 | D        | Reached skill level 6 in Unarmed Combat
    33 | D        | Reached XP level 3. HP: 7/42 MP: 2/2
    33 | D        | Reached XP level 4. HP: 9/50 MP: 3/3
    82 | D        | Noticed Sigmund
    87 | D        | Killed Sigmund
    87 | D        | Reached ** piety under Trog
    88 | D        | Reached skill level 7 in Unarmed Combat
    88 | D        | Reached XP level 5. HP: 53/61 MP: 4/4
    88 | D        | Reached XP level 6. HP: 59/68 MP: 5/5
   109 | D        | Found an ornate altar of the Wu Jian Council.
   109 | D        | Found a shimmering blue altar of Sif Muna.
   111 | D        | Found a radiant altar of Vehumet.
   115 | D        | Reached skill level 8 in Unarmed Combat
   131 | D        | Noticed a centaur warrior
   131 | D        | Noticed a centaur warrior
   141 | D        | Killed a centaur warrior
   142 | D        | Reached skill level 10 in Unarmed Combat
   142 | D        | Reached XP level 7. HP: 24/81 MP: 6/6
   148 | D        | Killed a centaur warrior
   148 | D        | Reached *** piety under Trog
   149 | D        | Reached skill level 11 in Unarmed Combat
   149 | D        | Reached XP level 8. HP: 16/93 MP: 7/7
   226 | D        | Noticed a hornet
   233 | D        | Killed a hornet
   234 | D        | Reached skill level 10 in Fighting
   251 | D        | Noticed an oklob plant
   261 | D        | Killed an oklob plant
   262 | D        | Reached skill level 10 in Dodging
   262 | D        | Reached skill level 12 in Unarmed Combat
   262 | D        | Reached XP level 9. HP: 50/102 MP: 8/8
   318 | D        | Reached **** piety under Trog
   350 | D        | Killed an unseen horror
   369 | D        | Killed an unseen horror
   370 | D        | Reached skill level 13 in Unarmed Combat
   384 | D        | Reached ***** piety under Trog
   477 | D        | Received a gift from Trog
   478 | D        | Found Iggasooh's General Store.
   480 | D        | Found Rythoxt's Antique Armour Boutique.
   489 | D        | Reached ****** piety under Trog
   490 | D        | Found Erghot's Book Boutique.
   490 | D        | Found Seolojol's Assorted Antiques.
   491 | D        | Found Xonul's Weapon Emporium.
   492 | D        | Found Vagac's Antique Weapon Shop.
   535 | D        | Found Kacwur's Antique Armour Emporium.
   535 | D        | Found Diwn's Antique Armour Shop.
   535 | D        | Found Gaptyo's Distillery.
   535 | D        | Found Nexoasis's Jewellery Boutique.
   535 | D        | Found Dub Wigur's Magic Scroll Emporium.
   535 | D        | Found Apippefe's Weapon Shop.
   535 | D        | Found Meyc's Assorted Antiques.
   538 | D        | Bought a scroll of revelation for 75 gold pieces
   539 | D        | Found Fobbef's Book Boutique.
   543 | D        | Bought the amulet of Vitality {RegenMP++ Regen++} for 1400
                  | gold pieces
   543 | D        | Found the amulet of Vitality {RegenMP++ Regen++}
   551 | D        | Bought an embroidered hat for 126 gold pieces
   597 | D        | Noticed a deep troll
   601 | D        | Killed a deep troll
   602 | D        | Reached XP level 10. HP: 78/115 MP: 9/9
   628 | D        | Found Duugiur's Armour Emporium.
   640 | D        | Noticed Sonja
   644 | D        | Killed Sonja
   644 | D        | Received a gift from Trog
   645 | D        | Reached skill level 14 in Unarmed Combat
   709 | D        | Found Leymniw's Antique Weapon Emporium.
   709 | D        | Found an ancient bone altar of Kikubaaqudgha.
   709 | D        | Found a stormy altar of Qazlal.
   709 | D        | Found a blossoming altar of Fedhas.
   709 | D        | Found a bloodstained altar of Trog.
   709 | D        | Found an iron altar of Okawaru.
   709 | D        | Found a glowing golden altar of the Shining One.
   709 | D        | Found a glowing silver altar of Zin.
   709 | D        | Found a white marble altar of Elyvilon.
   713 | D        | Found a hazy altar of Hepliaklqana.
   713 | D        | Found a hide-covered altar of Uskayaw.
   713 | D        | Found a basalt altar of Yredelemnul.
   713 | D        | Found a snail-covered altar of Cheibriados.
   713 | D        | Found a sacrificial altar of Ru.
   713 | D        | Found a shadowy altar of Dithmenos.
   714 | D        | Found an opulent altar of Gozag.
   715 | D        | Found a sparkling altar of Nemelex Xobeh.
   751 | D        | Found a burning altar of Makhleb.
   751 | D        | Found a viscous altar of Jiyva.
   751 | D        | Found a shimmering altar of Xom.
   751 | D        | Found a corrupted altar of Lugonu.
   770 | D        | Paralysed by a floating eye for 4 turns
   783 | D        | Received a gift from Trog
   805 | D        | Found Zieditar's Book Boutique.
   816 | D        | Noticed a shining eye
   816 | D        | Noticed a shining eye
   816 | D        | Noticed a shining eye
   816 | D        | Gained mutation: Your body sometimes deteriorates upon
                  | taking damage. [a shining eye]
   820 | D        | Killed a shining eye
   821 | D        | Noticed a shining eye
   821 | D        | Paralysed by a floating eye for 2 turns
   821 | D        | Killed a shining eye
   822 | D        | Reached skill level 15 in Unarmed Combat
   824 | D        | Killed a shining eye
   825 | D        | Noticed a shining eye
   826 | D        | Noticed a shining eye
   826 | D        | Noticed a shining eye
   826 | D        | Killed a shining eye
   827 | D        | Killed a shining eye
   828 | D        | Reached XP level 11. HP: 127/127 MP: 10/10
   828 | D        | Noticed a shining eye
   829 | D        | Killed a shining eye
   833 | D        | Killed a shining eye
   834 | D        | Reached skill level 16 in Unarmed Combat
   835 | D        | Killed a shining eye
   845 | D        | Found Ivvunkipp's Weapon Shoppe.
   845 | D        | Found Boef's Book Shop.
   845 | D        | Found Hotilonu's Assorted Antiques.
   845 | D        | Found Noud's General Store.
   864 | D        | Bought a manual of Dodging for 800 gold pieces
   961 | D        | Noticed a demonic crawler
   961 | D        | Noticed a demonic crawler
   961 | D        | Noticed a demonic crawler
   961 | D        | Noticed a demonic crawler
   967 | D        | Killed a demonic crawler
   967 | D        | Received a gift from Trog
   968 | D        | Killed a demonic crawler
   970 | D        | Killed a demonic crawler
   973 | D        | Killed a demonic crawler
   992 | D        | Noticed a lindwurm
   998 | D        | Killed a lindwurm
   999 | D        | Reached skill level 15 in Dodging
  1011 | D        | Reached skill level 17 in Unarmed Combat
  1022 | D        | Received a gift from Trog
  1036 | D        | Received a gift from Trog
  1037 | D        | Reached skill level 15 in Fighting
  1163 | D        | Noticed a 12-headed hydra
  1165 | D        | Paralysed by a floating eye for 3 turns
  1166 | D        | Killed a 12-headed hydra
  1251 | D        | Noticed a shadow dragon
  1252 | D        | Noticed a golden dragon
  1260 | D        | Killed a shadow dragon
  1261 | D        | Reached XP level 12. HP: 63/143 MP: 11/11
  1262 | D        | Killed a golden dragon
  1263 | D        | Reached skill level 18 in Unarmed Combat
  1291 | D        | Identified the staff of Sunlight {rC+ rCorr Ice}
  1348 | D        | Found Novit's Distillery.
  1437 | D        | Noticed a deep elf annihilator
  1452 | D        | Paralysed by a hornet for 1 turns
  1462 | D        | Paralysed by a hornet for 2 turns
  1465 | D        | Received a gift from Trog
  1502 | D        | Noticed the 27-headed Lernaean hydra
  1518 | D        | HP: 7/216 [the 26-headed Lernaean hydra (10)]
  1518 | D        | Slain by the 26-headed Lernaean hydra

Illustrated notes

Levels and vault maps discovered:
D:        dungeon_sprint_1 [red_sonja_temple_1, red_sonja_temple_small_1]

Skill      XL: |  1  2  3  4  5  6  7  8  9 10 11 12 |
---------------+-------------------------------------+-----
Fighting       | 3 5 6 8 9 10 12 13 15 16 | 16.1
Dodging        | 3 5 6 8 9 10 11 13 16 17 | 17.7
Unarmed Combat | 4 6 7 10 11 12 13 15 17 18 | 18.6

Action                     |  1- 3 |  4- 6 |  7- 9 | 10-12 || total
---------------------------+-------+-------+-------+-------++-------
  Melee: Unarmed           |    11 |     8 |    68 |   100 ||   187
         Punch             |       |       |     3 |    11 ||    14
 Invoke: Berserk           |       |     1 |       |     3 ||     4
         Brothers in Arms  |       |       |       |    10 ||    10
    Use: Potion            |       |     1 |       |       ||     1
         Scroll            |       |       |       |     1 ||     1
 Armour: Animal skin       |     4 |    17 |    47 |   161 ||   229
  Dodge: Dodged            |     2 |     2 |    35 |    71 ||   110

Table legend: (Time is in decaauts)
 A = Elapsed time spent in this place.
 B = Non-inter-level travel time spent in this place.
 C = Inter-level travel time spent in this place.
 D = Time resting spent in this place.
 E = Time spent auto-exploring this place.
 F = Levels seen in this place.
 G = Mean time per level.
                   A        B        C        D        E       F      G
               +--------+--------+--------+--------+--------+-----+--------+
         Total |   1482 |   1395 |     87 |    216 |    543 |   1 | 1482.0 |
       Dungeon |   1482 |   1395 |     87 |    216 |    543 |   1 | 1482.0 |
               +--------+--------+--------+--------+--------+-----+--------+

Top non-repeatable levels by time:
       D: 1482 daAuts
